 Dungeon Crawl Stone Soup version 0.30-a0-847-g17996783a1 (webtiles) character file.

Game seed: 14177914298248509255

110 qeuew the Sneak (level 4, 0/23 HPs)
             Began as a Spriggan Brigand on Mar 3, 2023.
             Slain by Grinder (2 damage)
             ... on level 3 of the Dungeon.
             The game lasted 00:03:16 (1596 turns).

qeuew the Sneak (Spriggan Brigand)                  Turns: 1596, Time: 00:03:17

Health: 0/23       AC:  4    Str:  7    XL:     4   Next: 61%
Magic:  5/5        EV: 18    Int: 12    God:
Gold:   120        SH:  0    Dex: 24    Spells: 3/3 levels left

rFire   . . .      SeeInvis +    a - +2 dagger (speed)
rCold   . . .      Faith    .    (no shield)
rNeg    . . .      Spirit   .    b - +1 robe
rPois   .          Reflect  .    (helmet restricted)
rElec   .          Rampage  .    c - +0 cloak
rCorr   .                        (gloves unavailable)
Will    .....                    (boots unavailable)
Stlth   ++++                     (no amulet)
HPRegen 0.23/turn                k - +6 ring of dexterity
MPRegen 0.09/turn                (no ring)

@: invisible, very quick
A: very small, no large weapons, unfitting armour, see invisible, speed 3
a: no special abilities


You were on level 3 of the Dungeon.
You visited 1 branch of the dungeon, and saw 3 of its levels.

You collected 120 gold pieces.

Inventory:

Hand Weapons
 a - a +2 dagger of speed (weapon)
Missiles
 d - 7 poisoned darts (quivered)
 e - 3 curare-tipped darts
Armour
 b - a +1 robe (worn)
 c - a +0 cloak (worn)
Jewellery
 k - a +6 ring of dexterity (left hand)
Scrolls
 f - a scroll of poison {unknown}
 h - a scroll of identify
 i - a scroll of enchant weapon
 l - a scroll of fog
Potions
 g - a potion of attraction {unknown}
 m - a potion of brilliance
 n - a potion of lignification {unknown}


   Skills:
 + Level 2.1 Fighting
 + Level 2.9 Short Blades
 + Level 2.7 Throwing
 + Level 2.5 Dodging
 * Level 7.1 Stealth


You had 3 spell levels left.
You didn't know any spells.
Your spell library contained the following spells:

 Spells                   Type           Power      Damage    Failure   Level
 Animate Armour           Summ/Erth      0%         N/A       97%         4
 Blade Hands              Tmut           0%         N/A       100%        5
 Iron Shot                Conj/Erth      0%         9d1       100%        6


Dungeon Overview and Level Annotations

Branches:
Dungeon (3/15)

Altars:

Shops:
D:2 !

Annotations:
D:3 Grinder


Innate Abilities, Weirdness & Mutations

You are very small and have problems with some larger weapons.
You are too small for most types of armour.
You have supernaturally acute eyesight. (SInv)
You cover ground extremely quickly. (Speed+++)


Message History

You hit Grinder.
Grinder is severely wounded.
Grinder hits you but does no damage.
You hit Grinder but do no damage.
Grinder is heavily wounded.
You hit Grinder but do no damage.
Grinder is heavily wounded.
Grinder hits you but does no damage.
You closely miss Grinder.
Grinder is heavily wounded.
You hit Grinder.
Grinder is severely wounded.
Grinder barely misses you.
You hit Grinder.
Grinder is severely wounded.
You hit Grinder.
Grinder is severely wounded.
Grinder misses you.
You barely miss Grinder.
Grinder is severely wounded.
You closely miss Grinder.
Grinder is severely wounded.
Grinder hits you.
You writhe in agony.
* * * LOW HITPOINT WARNING * * *
You barely miss Grinder.
Grinder is severely wounded.
You hit Grinder but do no damage.
Grinder is severely wounded.
Grinder says, "FISH!"
Grinder hits you but does no damage.
You fade into invisibility!
Grinder completely misses you.
You hit Grinder.
Grinder is almost dead.
You hit Grinder but do no damage.
Grinder is almost dead.
Grinder hits you.
* * * LOW HITPOINT WARNING * * *
You writhe in agony.
You die...

#.....# #.##..###
. #.#.....#.#
#.#.###...#
#####......>###
#............#
#........###.#####
#.....†...#.$.....
#.........@5.#
#########.#..^....
#.######## #..
####


You could see Grinder (unable to see you).

Vanquished Creatures
  2 adders
  4 gnolls (D:2)
  2 worms
  2 dart slugs (D:2)
  4 ball pythons
  4 endoplasms
  2 giant cockroaches (D:1)
  5 goblins (D:1)
  3 hobgoblins (D:1)
  8 kobolds
  2 quokkas (D:1)
  2 bats (D:1)
  A frilled lizard (D:1)
  2 rats
43 creatures vanquished.

Notes
Turn   | Place    | Note
-------+----------+-------------------------------------------
     0 | D:1      | qeuew the Spriggan Brigand began the quest for the Orb.
     0 | D:1      | Reached XP level 1. HP: 10/10 MP: 2/2
    62 | D:1      | Reached skill level 6 in Stealth
   136 | D:1      | Reached XP level 2. HP: 15/15 MP: 3/3
   640 | D:1      | Reached XP level 3. HP: 18/18 MP: 4/4
   804 | D:2      | Found Jebraem's Distillery.
  1148 | D:2      | Reached XP level 4. HP: 18/23 MP: 5/5
  1210 | D:2      | Reached skill level 7 in Stealth
  1405 | D:3      | Identified the +6 hand axe "Beewep" {heavy, rC+ rN+ Str-3}
  1568 | D:3      | Noticed Grinder
  1596 | D:3      | Slain by Grinder

Illustrated notes

Levels and vault maps discovered:
D:1:      evilmike_arrival_plus, layout_basic, st_stairs_3
D:2:      layout_rooms, serial_shops, nicolae_shop_behind_doors
D:3:      layout_basic, serial_park_tiny_pond, uniq_grinder

Skill      XL: |  1  2  3  4 |
---------------+-------------+-----
Stealth        | 6 7 |  7.1
Dodging        | 2 |  2.5
Fighting       | 2 |  2.1
Short Blades   | |  2.9
Throwing       | |  2.7

Action                     |  1- 3 |  4- 6 || total
---------------------------+-------+-------++-------
  Melee: Dagger            |   100 |    42 ||   142
         Punch             |     1 |       ||     1
  Throw: Dart              |     8 |       ||     8
    Use: Scroll            |     4 |     4 ||     8
         Potion            |     3 |     1 ||     4
   Stab: Sleeping          |     9 |     6 ||    15
 Armour: Robe              |     5 |     4 ||     9
  Dodge: Dodged            |    57 |     9 ||    66

Table legend: (Time is in decaauts)
 A = Elapsed time spent in this place.
 B = Non-inter-level travel time spent in this place.
 C = Inter-level travel time spent in this place.
 D = Time resting spent in this place.
 E = Time spent auto-exploring this place.
 F = Levels seen in this place.
 G = Mean time per level.
                   A        B        C        D        E       F      G
               +--------+--------+--------+--------+--------+-----+--------+
         Total |   1005 |    991 |     14 |      0 |    686 |   3 |  335.0 |
       Dungeon |   1005 |    991 |     14 |      0 |    686 |   3 |  335.0 |
               +--------+--------+--------+--------+--------+-----+--------+

Top non-repeatable levels by time:
     D:2: 447 daAuts
     D:1: 430 daAuts
     D:3: 126 daAuts
